 Dungeon Crawl Stone Soup version 0.21-a0-72-gbbb65ab (webtiles) character file.

578 grindst0ne the Shield-Bearer (level 7, -2/56 HPs)
             Began as a Formicid Fighter on June 20, 2017.
             Slain by a water moccasin zombie (4 damage)
             ... in an ossuary.
             The game lasted 00:06:08 (3030 turns).

grindst0ne the Shield-Bearer (Formicid Fighter)     Turns: 3030, Time: 00:06:09

Health: -2/56      AC: 12    Str: 20    XL:     7   Next: 62%
Magic:  7/7        EV:  5    Int:  8    God:
Gold:   184        SH: 10    Dex: 12    Spells: 6/6 levels left

rFire    + . .     SeeInvis +   a - +0 war axe
rCold    + . .     Gourm    .   c - +0 shield
rNeg     . . .     Faith    .   e - +0 plate armour
rPois    +         Spirit   .   (helmet unavailable)
rElec    +         Reflect  .   (no cloak)
rCorr    +         Harm     .   (no gloves)
MR       .....                  (no boots)
Stlth    ..........             (no amulet)
HPRegen  0.18/turn              (no ring)
MPRegen  0.10/turn              (no ring)

@: lethally poisoned (-2 -> -7), resistant, flying, very slightly contaminated,
drained, invisible
A: permanent stasis, dig shafts and tunnels, four strong arms, antennae 3
a: Dig, Shaft Self


You were in an ossuary.
You were very hungry.

You visited 1 branch of the dungeon, and saw 4 of its levels.
You also visited: Ossuary.

You collected 184 gold pieces.

Inventory:

Hand Weapons
 a - a +0 war axe (weapon)
Armour
 c - a +0 shield (worn)
 e - a +0 plate armour (worn)
Jewellery
 s - a cursed -3 ring of strength {unknown}
Wands
 q - a wand of flame (2/48)
Scrolls
 b - a scroll of fog {unknown}
 i - a scroll of identify {unknown}
 j - 3 scrolls of remove curse
 m - a scroll of blinking {unknown}
 n - a scroll of immolation
 p - a scroll of enchant weapon {unknown}
Potions
 d - a potion of might
 o - a potion of flight
 r - a potion of agility
 t - a potion of resistance
Comestibles
 f - 3 bread rations
 h - 3 royal jellies
 k - 3 meat rations


   Skills:
 + Level 5.2(4.8) Fighting
 + Level 4.4(4.0) Axes
 + Level 5.0(4.6) Armour
 + Level 6.0(5.6) Shields


You had 6 spell levels left.
You didn't know any spells.

Dungeon Overview and Level Annotations

Branches:
Dungeon (4/15)
 Temple: D:4-7

Altars:
Uskayaw
The Shining One


Innate Abilities, Weirdness & Mutations

You cannot be hasted, slowed, berserked, paralysed or teleported.
You can dig through walls and to a lower floor.
Your four strong arms can wield two-handed weapons with a shield.
You have a pair of large antennae on your head. (SInv)


Message History

You closely miss the adder zombie.
* * * LOW HITPOINT WARNING * * *
You feel sick.
The water moccasin zombie barely misses you.
You block the adder zombie's attack.
The water moccasin zombie bites you but does no damage.
You hit the water moccasin zombie.
The water moccasin zombie is severely damaged.
You closely miss the adder zombie.
* * * LOW HITPOINT WARNING * * *
You feel sick.
The adder zombie bites you but does no damage.
You block the water moccasin zombie's attack.
You block the adder zombie's attack.
You hit the water moccasin zombie.
The water moccasin zombie is severely damaged.
You closely miss the adder zombie.
* * * LOW HITPOINT WARNING * * *
You feel sick. The water moccasin zombie bites you.
You die...

#∩..#...#...^#...#
#...#...#.^.^'...'
#^^.'...'^..^#...#
#'################
#...# # #...# #
#...# # #...# #
#@### # #ZZ^# #
#^^.# # #^.^# #
#.^^# # ##'## #
#...# # #...# ###
##### #...#
#!??!#...#


You could see an adder zombie and a water moccasin zombie.

Vanquished Creatures
  An ogre (D:3)
  3 water moccasin zombies (Ossuary)
  An orc priest (D:3)
  Terence (D:3)
  Natasha (thrice) (D:2)
  2 big kobold zombies (Ossuary)
  A mummy (D:4)
  4 adders
  An ooze (D:1)
  6 adder zombies (Ossuary)
  A worm (D:3)
  2 dart slugs
  3 leopard geckos
  2 orcs (D:3)
  7 bats
  2 giant cockroaches (D:1)
  2 gnoll zombies (Ossuary)
  8 goblins
  6 hobgoblins
  7 jackals (D:3)
  2 quokkas
  A ball python (D:2)
  7 frilled lizards (D:1)
  2 goblin zombies (D:4)
  4 hobgoblin zombies (Ossuary)
  7 kobolds
  3 kobold zombies (Ossuary)
  8 orc zombies (Ossuary)
  7 rats
104 creatures vanquished.

Notes
Turn   | Place    | Note
-------+----------+-------------------------------------------
     0 | D:1      | grindst0ne the Formicid Fighter began the quest for the Orb.
     0 | D:1      | Reached XP level 1. HP: 18/18 MP: 1/1
    71 | D:1      | Reached XP level 2. HP: 24/24 MP: 2/2
   307 | D:1      | Reached skill level 4 in Shields
   307 | D:1      | Reached XP level 3. HP: 25/29 MP: 3/3
   789 | D:2      | Noticed Natasha
   816 | D:2      | Killed Natasha
   816 | D:2      | Reached XP level 4. HP: 29/37 MP: 4/4
   833 | D:2      | Noticed Natasha
   836 | D:2      | Killed Natasha
   866 | D:2      | Found a glowing golden altar of the Shining One.
   949 | D:2      | Reached XP level 5. HP: 28/42 MP: 5/5
  1304 | D:2      | Noticed Natasha
  1320 | D:2      | Killed Natasha
  1786 | D:3      | Reached skill level 5 in Shields
  1903 | D:3      | Noticed an ogre
  1910 | D:3      | Killed an ogre
  1910 | D:3      | Reached XP level 6. HP: 49/49 MP: 6/6
  2074 | D:3      | Noticed Terence
  2080 | D:3      | Killed Terence
  2388 | D:3      | Found a hide-covered altar of Uskayaw.
  2555 | D:4      | Found a sand-covered staircase.
  2593 | Ossuary  | Entered an ossuary
  2620 | Ossuary  | Reached XP level 7. HP: 44/55 MP: 7/7
  2639 | Ossuary  | Reached skill level 5 in Fighting
  2886 | Ossuary  | Reached skill level 5 in Armour
  2886 | Ossuary  | Reached skill level 6 in Shields
  3030 | Ossuary  | HP: 2/56 [poison (a needle trap)]
  3030 | Ossuary  | Slain by a water moccasin zombie

Vault maps used:
D:1:      dpeg_arrival_solitude
D:2:      old_standard_altar, serial_glass, glass_columns_b, glass_columns_b,
          glass_columns_b, glass_columns_a, grunt_ministairs_2,
          kennysheep_nondescript, uniq_natasha
D:3:      lemuel_round_altar, uniq_terence
D:4:      vehumet_crystals, nicolae_qazlal_eye_of_the_storm, temple_pool_b,
          nicolae_ossuary_entry_giza, serial_shops, shop
Ossuary:  ossuary_tomb_2

Skill      XL: |  1  2  3  4  5  6  7 |
---------------+----------------------+-----
Shields        | 4 5 6 |  6.0
Fighting       | 4 5 |  5.2
Axes           | 3 4 |  4.4
Armour         | 4 5 |  5.0

Action                   |  1- 3 |  4- 6 |  7- 9 || total
-------------------------+-------+-------+-------++-------
Melee: War axe           |   113 |   209 |   120 ||   442
 Abil: Dig               |     1 |     4 |       ||     5
Evoke: Wand              |       |     7 |       ||     7
  Use: Scroll            |       |     2 |       ||     2
       Potion            |       |       |     4 ||     4
 Stab: Invisible         |       |       |     1 ||     1
  Eat: Chunk             |       |     7 |     1 ||     8
Armor: Scale mail        |    11 |       |       ||    11
       Plate armour      |    54 |   128 |    56 ||   238
Dodge: Dodged            |    30 |    46 |    21 ||    97
Block: Shield            |    63 |   129 |    61 ||   253
